 Dungeon Crawl Stone Soup version 0.22-a0-283-g1871b15 (webtiles) character file.

8 4thArraOfDagon the Slasher (level 2, -1/22 HPs)
             Began as a Formicid Warper on Mar 18, 2018.
             Was an Initiate of Fedhas.
             Slain by an ogre
             ... wielding a +0 giant spiked club
              (10 damage)
             ... on level 7 of the Dungeon.
             The game lasted 00:01:35 (521 turns).

4thArraOfDagon the Slasher (Formicid Warper)         Turns: 521, Time: 00:01:36

Health: -1/22      AC:  8    Str: 15    XL:     2   Next: 15%
Magic:  5/5        EV:  7    Int: 12    God:    Fedhas [......]
Gold:   44         SH:  0    Dex: 10    Spells: 5/5 levels left

rFire    . . .     SeeInvis +   a - +0 falchion
rCold    . . .     Gourm    .   (no shield)
rNeg     . . .     Faith    .   h - +0 chain mail
rPois    .         Spirit   .   (helmet unavailable)
rElec    .         Reflect  .   (no cloak)
rCorr    .         Harm     .   (no gloves)
MR       .....                  (no boots)
Stlth    ..........             (no amulet)
HPRegen  0.07/turn              c - +1 ring of evasion
MPRegen  0.09/turn              (no ring)

@: no status effects
A: permanent stasis, dig shafts and tunnels, four strong arms, antennae 3
a: Dig, Shaft Self, Fungal Bloom, Renounce Religion


You were on level 7 of the Dungeon.
You worshipped Fedhas.
Fedhas was noncommittal.
You were not hungry.

You visited 2 branches of the dungeon, and saw 6 of its levels.

You collected 44 gold pieces.

Inventory:

Hand Weapons
 a - a +0 falchion (weapon)
Missiles
 e - a tomahawk of dispersal (quivered)
Armour
 b - a +0 leather armour
 g - a +0 ring mail
 h - a +0 chain mail (worn)
Jewellery
 c - a +1 ring of evasion (left hand)
Scrolls
 d - a scroll of blinking
Potions
 i - a potion of lignification {unknown}
Comestibles
 f - 3 rations


   Skills:
 - Level 2.1 Fighting
 * Level 2.7 Long Blades
 - Level 1.0 Throwing
 - Level 1.1 Armour
 - Level 1.7 Dodging
 - Level 2.1 Spellcasting
   Level 2.6 Translocations


You had 5 spell levels left.
You didn't know any spells.

Dungeon Overview and Level Annotations

Branches:
Dungeon (7/15)             Temple (1/1) D:7

Altars:
Ashenzari
Dithmenos
Fedhas
Kikubaaqudgha
Okawaru
Qazlal
Ru
Sif Muna
Trog
Uskayaw
Vehumet
Wu Jian
Zin
The Shining One


Innate Abilities, Weirdness & Mutations

You cannot be hasted, slowed, berserked, paralysed or teleported.
You can dig through walls and to a lower floor.
Your four strong arms can wield two-handed weapons with a shield.
You have a pair of large antennae on your head. (SInv)


Message History

There is a blossoming altar of Fedhas here.
You kneel at the altar of Fedhas.
Fedhas welcomes you!
The plants of the dungeon cease their hostilities.
You can now turn corpses into toadstools.
There is a staircase back to the Dungeon here.
You climb upwards.
Welcome back to the Dungeon!
The ogre hits you with a giant spiked club!
Ouch! That really hurt!
There is a staircase to the Ecumenical Temple, spattered with blood here.
Unknown command.
Unknown command.
Throwing (i - inventory)
e - 2 tomahawks of dispersal (quivered)
Press: ? - help, Shift-Dir - straight line, f - ogre
Aim: an ogre, wielding a giant spiked club You throw a tomahawk of dispersal.
The tomahawk of dispersal barely misses the ogre.
The ogre hits you with a giant spiked club!
You die...
Fedhas appreciates your contribution to the ecosystem.

## #.
#####.##
..#...#
...⌠.. #...
######.######
#...#...#O..#
#.⌠...⌠...@.#
#...#...#...#
##. ##.###.##
#...#...#
#.⌠.#.⌠.#
#...#...#
#########


You could see an ogre.

Vanquished Creatures
  An adder skeleton (D:4)
  A giant cockroach (D:3)
  A quokka (D:4)
  A goblin (D:3)
  A kobold (D:3)
  A rat (D:3)
6 creatures vanquished.

Notes
Turn   | Place    | Note
-------+----------+-------------------------------------------
     0 | D:1      | 4thArraOfDagon the Formicid Warper began the quest for the Orb.
     0 | D:1      | Reached XP level 1. HP: 16/16 MP: 3/3
    26 | D:1      | You fall through a shaft!
    33 | D:2      | You fall through a shaft!
    77 | D:3      | Noticed a phantom
    91 | D:3      | You fall through a shaft!
   113 | D:3      | Found an ornate altar of the Wu Jian Council.
   196 | D:4      | Reached XP level 2. HP: 13/22 MP: 5/5
   443 | D:4      | You fall through a shaft for 3 floors!
   443 | D:7      | Found a staircase to the Ecumenical Temple.
   444 | D:7      | Noticed an ogre
   460 | Temple   | Entered the Ecumenical Temple
   502 | Temple   | Became a worshipper of Fedhas Madash
   521 | D:7      | Slain by an ogre

Vault maps used:
D:1:      evilmike_arrival_hilbert_curve, minivault_5
D:2:      gammafunk_temple_overflow_wave, uniq_crazy_yiuf_cottage
D:3:      grunt_gozag_breadcrumbs, old_standard_altar, uniq_ijyb
D:4:      gup_sewer_entry_bowl, first_ration
D:7:      kennysheep_mini_moat, overflow_temple_1_default, elyvilon_altar_4,
          minmay_temple_entry_nine_rooms
Temple:   eino_temple_water

Action                   || total
-------------------------++-------
Melee: Falchion          ||    22
Throw: Tomahawk          ||     4
 Abil: Shaft Self        ||     4
       Dig               ||     1
  Use: Scroll            ||     2
Armor: Leather armour    ||     5
       Ring mail         ||     1
Dodge: Dodged            ||    14
       Rpst.: Falchion   ||     4

Table legend:
 A = Spawn XP
 B = Non-spawn XP
 C = Spawn XP percentage of total XP
 D = Spawn monster count
 E = Non-spawn monster count
 F = Spawn count percentage of total count
 G = Total turns spent on level
                    A         B        C        D         E        F      G
               +---------+---------+-------+---------+---------+-------+---------
         Total |       0 |      12 |   0.0 |       0 |       6 |   0.0 |   521
               +---------+---------+-------+---------+---------+-------+---------
           D:3 |       0 |       5 |   0.0 |       0 |       4 |   0.0 |   120
           D:4 |       0 |       7 |   0.0 |       0 |       2 |   0.0 |   290
               +---------+---------+-------+---------+---------+-------+---------
